 Dungeon Crawl Stone Soup version 0.26.1-10-gdfb7c7de75 (webtiles) character file.

Game seed: 14146795535878823689

1068 tardwrangler69 the Chopper (level 8, -9/70 HPs)
             Began as a Minotaur Fighter on Mar 31, 2021.
             Was a Follower of Okawaru.
             Mangled by a two-headed ogre
             ... wielding a +0 giant club
              (12 damage)
             ... on level 6 of the Dungeon.
             The game lasted 00:03:56 (5028 turns).

tardwrangler69 the Chopper (Minotaur Fighter)       Turns: 5028, Time: 00:03:56

Health: -9/70      AC: 10    Str: 23    XL:     8   Next: 7%
Magic:  7/7        EV: 12    Int:  5    God:    Okawaru [*.....]
Gold:   174        SH: 10    Dex: 10    Spells: 7/7 levels left

rFire    . . .     SeeInvis .   a - +0 war axe
rCold    . . .     Faith    .   c - +0 kite shield
rNeg     . . .     Spirit   .   b - +0 scale mail
rPois    +         Reflect  .   (helmet restricted)
rElec    .         Harm     .   n - +0 cloak
rCorr    .         Rampage  .   o - +0 pair of gloves
Will     .....                  (no boots)
Stlth    ..........             (no amulet)
HPRegen  0.21/turn              r - ring of poison resistance
MPRegen  0.10/turn              x - +4 ring of evasion

@: no status effects
A: retaliatory headbutt, horns 2
a: Renounce Religion, Heroism


You were on level 6 of the Dungeon.
You worshipped Okawaru.
Okawaru was aware of your devotion.
You visited 2 branches of the dungeon, and saw 7 of its levels.

You collected 174 gold pieces.

Inventory:

Hand Weapons
 a - a +0 war axe (weapon)
Armour
 b - a +0 scale mail (worn)
 c - a +0 kite shield (worn)
 n - a +0 cloak (worn)
 o - a +0 pair of gloves (worn)
Jewellery
 r - a ring of poison resistance (left hand)
 x - a +4 ring of evasion (right hand)
Scrolls
 e - a scroll of immolation {unknown}
 f - 5 scrolls of remove curse {unknown}
 g - 2 scrolls of fear {unknown}
 i - 5 scrolls of teleportation {unknown}
 k - a scroll of noise {unknown}
 m - 3 scrolls of identify {unknown}
 p - a scroll of enchant armour {unknown}
 s - a scroll of blinking {unknown}
 v - 2 scrolls of fog {unknown}
 w - a scroll of enchant weapon {unknown}
Potions
 d - a potion of might
 h - 2 potions of curing {unknown}
 j - a potion of attraction {unknown}
 l - 2 potions of cancellation {unknown}
 q - a potion of degeneration {unknown}
 u - a potion of lignification {unknown}
 z - a potion of heal wounds {unknown}
 A - a potion of mutation {unknown}
 B - a potion of ambrosia {unknown}


   Skills:
 + Level 6.2 Fighting
 * Level 7.5 Axes
 + Level 6.1 Armour
 + Level 6.2 Shields


You had 7 spell levels left.
You didn't know any spells.
Your spell library was empty.

Dungeon Overview and Level Annotations

Branches:
Dungeon (6/15)             Temple (1/1) D:4

Altars:
Ashenzari
Dithmenos
Gozag
Hepliaklqana
Kikubaaqudgha
Makhleb
Nemelex Xobeh
Okawaru
Qazlal
Ru
Trog
Uskayaw
Vehumet
Wu Jian
Yredelemnul
Zin
The Shining One


Innate Abilities, Weirdness & Mutations

You reflexively headbutt those who attack you in melee.
You have a pair of horns on your head.


Message History

You are too injured to fight recklessly!
You are too injured to fight recklessly!
You are too injured to fight recklessly!
You slash the two-headed ogre! You headbutt the two-headed ogre.
The two-headed ogre is moderately wounded.
The two-headed ogre barely misses you. You block the two-headed ogre's attack.
The orc wizard casts a spell at you. The puff of frost hits you.
* * * LOW HITPOINT WARNING * * *
The orc warrior hits you from afar with a +0 trident.
* * * LOW HITPOINT WARNING * * *
The orc wizard looks satisfied for a moment.
The orc wizard looks encouraged for a moment.
The orc wizard points at you and mumbles some strange words.
The puff of frost hits you!
* * * LOW HITPOINT WARNING * * *
The orc wizard miscasts a cantrip.
There is a stone staircase leading up here.
The two-headed ogre hits you with a +0 giant club!
You die...

### #.. #.#
#####.### #.......#
#.......####
.##..........#
.......@Oo.#.##.#
###.............#
#.......#.#.#.#
#.......#.#.#.#####
####.####o#.#.....
#. ##....###.####
#. #..o#.........
#. #.....#......
#......#o##...####.


You could see a two-headed ogre and an orc warrior.

Vanquished Creatures
  A sky beast (D:5)
  2 ogres (D:4)
  A phantom (D:4)
  A howler monkey (D:6)
  A jelly (D:5)
  3 bullfrog zombies (D:5)
  A centaur zombie (D:5)
  An orc priest (D:5)
  A bullfrog skeleton (D:5)
  3 hounds
  2 orc wizards
  A centaur skeleton (D:4)
  An iguana (D:5)
  A worker ant (D:4)
  A hound skeleton (D:5)
  A worker ant zombie (D:4)
  3 gnolls (D:4)
  9 adders
  4 oozes
  2 worms
  2 dart slugs
  5 leopard geckos
  8 orcs
  7 hobgoblins
  8 jackals
  11 kobolds
  3 quokkas
  A ball python (D:3)
  8 bats
  5 frilled lizards
  13 goblins
  A leopard gecko skeleton (D:4)
  4 rats
116 creatures vanquished.

Vanquished Creatures (others)
  3 plants (D:6)
3 creatures vanquished.

Grand Total: 119 creatures vanquished

Notes
Turn   | Place    | Note
-------+----------+-------------------------------------------
     0 | D:1      | tardwrangler69 the Minotaur Fighter began the quest for the
                  | Orb.
     0 | D:1      | Reached XP level 1. HP: 19/19 MP: 0/0
   227 | D:1      | Reached XP level 2. HP: 27/27 MP: 1/1
   265 | D:1      | Reached skill level 3 in Axes
   446 | D:1      | Reached XP level 3. HP: 33/33 MP: 2/2
   793 | D:2      | Reached XP level 4. HP: 28/40 MP: 3/3
   962 | D:2      | Reached skill level 4 in Axes
  1525 | D:3      | Reached XP level 5. HP: 15/47 MP: 4/4
  2291 | D:3      | Reached skill level 5 in Axes
  2601 | D:3      | Reached XP level 6. HP: 18/55 MP: 5/5
  2870 | D:4      | Reached skill level 5 in Fighting
  2870 | D:4      | Reached skill level 5 in Armour
  2870 | D:4      | Reached skill level 5 in Shields
  3350 | D:4      | Reached skill level 6 in Axes
  3354 | D:4      | Found a staircase to the Ecumenical Temple.
  3450 | D:4      | Reached XP level 7. HP: 61/61 MP: 6/6
  3485 | Temple   | Entered the Ecumenical Temple
  3667 | Temple   | Became a worshipper of Warmaster Okawaru
  4180 | D:5      | Entered Level 5 of the Dungeon
  4449 | D:5      | Reached skill level 7 in Axes
  4660 | D:5      | Reached * piety under Okawaru
  4850 | D:5      | Reached XP level 8. HP: 68/70 MP: 7/7
  5006 | D:6      | Noticed a two-headed ogre
  5020 | D:6      | HP: 1/70 [orc wizard/puff of frost (12)]
  5028 | D:6      | Mangled by a two-headed ogre

Illustrated notes

Levels and vault maps discovered:
D:1:      nzn_arrival_depleted_hourglass, layout_rooms
D:2:      layout_rooms
D:3:      layout_basic
D:4:      layout_loops_corners, minmay_temple_entry_tees
D:5:      layout_basic, minmay_misc_feat_room
D:6:      layout_loops_ring, old_standard_altar,
          gammafunk_temple_overflow_forgotten, serial_shops, shop, serial_bayou,
          serial_bayou_crossing, uniq_sigmund
Temple:   minmay_crystal_spiral_temple

Skill      XL: |  1  2  3  4  5  6  7 |
---------------+----------------------+-----
Axes           | 3 4 5 6 7 |  7.5
Shields        | 4 5 6 |  6.2
Fighting       | 4 5 6 |  6.2
Armour         | 4 5 6 |  6.1

Action                   |  1- 3 |  4- 6 |  7- 9 || total
-------------------------+-------+-------+-------++-------
Melee: War axe           |    69 |   153 |    83 ||   305
       Headbutt          |    10 |    27 |    12 ||    49
Armor: Scale mail        |    30 |    59 |    30 ||   119
Dodge: Dodged            |    25 |    42 |    30 ||    97
Block: Kite shield       |    43 |    87 |    49 ||   179
